 Dungeon Crawl Stone Soup version 0.30-a0-142-g7370640ec8 (webtiles) character file.

Game seed: 17409362241902011537

54635 qw the Severer (level 14, -8/92 HPs)
             Began as a Gargoyle Fighter on Sept 25, 2022.
             Was a High Priest of Okawaru.
             Killed from afar by an ice dragon (46 damage)
             ... with a blast of cold
             ... on level 12 of the Dungeon.
             The game lasted 00:07:56 (20088 turns).

qw the Severer (Gargoyle Fighter)                  Turns: 20088, Time: 00:07:57

Health: -8/92      AC: 36    Str: 32    XL:     14   Next: 73%
Magic:  15/21      EV: 10    Int: 11    God:    Okawaru [*****.]
Gold:   921        SH:  6    Dex:  9    Spells: 13/13 levels left

rFire   + + .      SeeInvis .    Y - +0 war axe
rCold   . . .      Faith    .    c - +0 buckler
rNeg    + . .      Spirit   .    k - +0 plate armour
rPois   inf        Reflect  .    q - +0 helmet of Apetom {-Cast rPois rF+ Str+3}
rElec   +          Harm     .    m - +1 cloak
rCorr   .          Rampage  +    x - +0 pair of gloves
Will    +....      NoCast   +    l - +1 pair of boots {rampage}
Stlth   ..........               (no amulet)
HPRegen 0.25/turn                e - +6 ring of strength
MPRegen 0.17/turn                r - ring of protection from fire

@: heroic, finesse-ful, flying
A: sickness immunity, AC +10, big wings, negative energy resistance 1,
electricity resistance, torment resistance 1, petrification resistance
a: Renounce Religion, Heroism, Finesse, Duel


You were on level 12 of the Dungeon.
You worshipped Okawaru.
Okawaru was extremely pleased with you.
You visited 3 branches of the dungeon, and saw 18 of its levels.

You collected 1179 gold pieces.
You spent 258 gold pieces at shops.


Innate Abilities, Weirdness & Mutations

You are immune to sickness and miasma.
Your stone body is resilient. (AC +10)
You are immune to poison.
Your large and strong wings let you fly.
You resist negative energy. (rN+)
You are resistant to electric shocks. (rElec)
You are resistant to unholy torment.
You are immune to petrification.


   Skills:
 - Level 12.0(17.0) Fighting
 + Level 15.7(20.7) Axes
 - Level 5.0(10.0) Throwing
 - Level 11.0(16.0) Armour
 - Level 3.1(8.1) Dodging
 - Level 7.3(12.3) Shields
 - Level 10.0 Invocations


You had 13 spell levels left.
You didn't know any spells.
Your spell library was empty.

Inventory:

Hand Weapons
 h - a +3 morningstar
 Y - a +0 war axe (weapon)
Missiles
 p - 9 boomerangs
 w - 3 javelins (quivered)
Armour
 b - a +2 chain mail of fire resistance
 c - a +0 buckler (worn)
 k - a +0 plate armour (worn)
 l - a +1 pair of boots of rampaging (worn)
 m - a +1 cloak (worn)
 q - the +0 helmet of Apetom (worn) {-Cast rPois rF+ Str+3}
   (You found it on level 3 of the Dungeon)

   Str:       It affects your strength (+3).
   rF:        It protects you from fire.
   rPois:     It protects you from poison.
   -Cast:     It prevents spellcasting.
 x - a +0 pair of gloves (worn)
 y - the +0 pair of gloves "Geidioly" {Int+4}
   (You found it on level 12 of the Dungeon)

   Int:       It affects your intelligence (+4).
Jewellery
 e - a +6 ring of strength (left hand)
 r - a ring of protection from fire (right hand)
 s - a ring of positive energy
 u - a ring of protection from fire
 z - the ring of the Tuna {rElec rPois Str+4 Stlth+}
   (You found it on level 12 of the Dungeon)

   [ring of poison resistance]

   Str:       It affects your strength (+4).
   rElec:     It insulates you from electricity.
   rPois:     It protects you from poison.
   Stlth:     It makes you more stealthy.
Scrolls
 a - 4 scrolls of identify
 v - 4 scrolls of teleportation
Potions
 d - 3 potions of might
 f - a potion of magic
 g - a potion of mutation
 i - a potion of lignification
 j - 2 potions of haste
 n - 3 potions of attraction
 o - a potion of cancellation
 t - 2 potions of curing

Dungeon Overview and Level Annotations

Branches:
Dungeon (12/15)            Temple (1/1) D:6            Lair (5/5) D:10
  Swamp (0/4) Lair:3        Snake (0/4) Lair:3        Slime (0/5) Lair:4
    Orc (0/2) D:11

Altars:
Ashenzari
Cheibriados
Dithmenos
Elyvilon
Fedhas
Gozag
Hepliaklqana
Kikubaaqudgha
Makhleb
Nemelex Xobeh
Okawaru
Qazlal
Ru
Sif Muna
Trog
Uskayaw
Vehumet
Wu Jian
Xom
Yredelemnul
Zin
The Shining One
Jiyva

Shops:
D:6 [   D:11 (

Portals:
Ice
Cave: D:12

Annotations:
D:8 2 transporters
Lair:5 2 runed translucent doors


Message History

20076 ||| INVOKING Finesse.
You can now deal lightning-fast blows.
The ice dragon breathes frost at you. The blast of cold hits you!
You barely miss the ice dragon. The ice dragon breathes frost at you.
The blast of cold hits you!
You slice the ice dragon!!
The ice dragon is moderately wounded.
You closely miss the ice dragon.
The ice dragon is moderately wounded.
The ice dragon bites you! The ice dragon barely misses you.
The ice dragon tramples you but does no damage.
You barely miss the ice dragon.
The ice dragon is moderately wounded.
You closely miss the ice dragon.
The ice dragon is moderately wounded.
You slash the ice dragon!
The ice dragon is moderately wounded.
The ice dragon bites you but does no damage.
The ice dragon barely misses you. You block the ice dragon's attack.
You hit the ice dragon but do no damage.
The ice dragon is moderately wounded.
You hit the ice dragon but do no damage.
The ice dragon is moderately wounded.
You hit the ice dragon but do no damage.
The ice dragon is moderately wounded.
The ice dragon completely misses you.
The ice dragon claws you but does no damage.
The ice dragon tramples you but does no damage.
You barely miss the ice dragon.
The ice dragon is moderately wounded.
You barely miss the ice dragon.
The ice dragon is moderately wounded.
You hit the ice dragon.
The ice dragon is moderately wounded.
The ice dragon breathes frost at you. The blast of cold hits you!!!
Ouch! That really hurt!
You die...

........#...#
\.
#...#.....###
D.
######...##
.. .. ##..#
.## .. #.##
.. #.# .# #.#
##.# #.####
#D## #....##
##@##
####..#####.#
##.......#
#########


You could see an ice dragon (catching breath).

Vanquished Creatures
  6 hydras
  3 two-headed ogres
  3 boulder beetles
  A fire crab (Lair:5)
  A wizard (D:12)
  An orc knight (D:12)
  2 manticores (D:11)
  5 oklob plants (Lair:5)
  10 elephants (Lair:4)
  13 black mambas
  Joseph (D:9)
  10 cane toads
  2 molten gargoyles (Lair:5)
  3 torpor snails
  A kobold demonologist (D:7)
  10 komodo dragons
  2 trolls
  5 polar bears
  A hornet (D:9)
  Prince Ribbit (Lair:1)
  12 dream sheep
  3 slime creatures (D:12)
  16 blink frogs
  6 wyverns
  A vampire (D:11)
  3 shadows
  A wraith (D:9)
  7 basilisks
  50 yaks
  4 steam dragons
  3 vampire mosquitoes (D:12)
  20 water moccasins
  4 hell hounds (Lair:5)
  4 orc warriors
  5 sky beasts
  4 black bears
  23 wolves
  9 centaurs
  2 kobold brigands
  13 bullfrogs
  A necrophage (D:7)
  7 scorpions
  3 gnoll sergeants
  13 wights
  2 electric eels (D:10)
  5 howler monkeys
  A crimson imp (D:7)
  5 lava snakes (Lair:5)
  3 hounds
  2 jellies
  4 orc priests
  A gnoll bouda (D:9)
  6 iguanas
  7 orc wizards
  Terence (D:3)
  14 gnolls
  5 adders
  An ufetubus (D:5)
  2 worms (D:2)
  4 dart slugs
  25 orcs
  12 ball pythons
  6 bats
  5 endoplasms
  3 giant cockroaches
  3 goblins
  6 hobgoblins
  3 jackals (D:4)
  2 quokkas
  3 frilled lizards
  18 kobolds
  4 rats
448 creatures vanquished.

Vanquished Creatures (others)
  A black mamba (Lair:5)
  An orc wizard (D:7)
  14 fungi
  11 plants
27 creatures vanquished.

Grand Total: 475 creatures vanquished

Notes
Turn   | Place    | Note
-------+----------+-------------------------------------------
     0 | D:1      | qw the Gargoyle Fighter began the quest for the Orb.
     0 | D:1      | Reached XP level 1. HP: 14/14 MP: 1/1
     0 | D:1      | 0 ||| qw: Version: 0.2-a-10-g399e6c4
     0 | D:1      | 0 ||| qw: Game counter: 400
     0 | D:1      | 0 ||| qw: Always use a shield: true
     0 | D:1      | 0 ||| qw: God list: Okawaru
     0 | D:1      | 0 ||| qw: Allow faded altars: false
     0 | D:1      | 0 ||| qw: Do Orc after D:15 true
     0 | D:1      | 0 ||| qw: Do second Lair branch before Depths: true
     0 | D:1      | 0 ||| qw: Lair rune preference: random
     0 | D:1      | 0 ||| qw: Plans: Normal, Zot:1-4, God:TSO, Crypt, Tomb,
                  | Pan, Slime:5, Hells, Abyss, Orb
     0 | D:1      | 0 ||| PLANNING D:1-11
    88 | D:1      | Reached skill level 2 in Axes
   152 | D:1      | Reached XP level 2. HP: 19/19 MP: 2/2
   198 | D:1      | Found a faded altar of an unknown god.
   328 | D:1      | 328 ||| Stepping ~*~*~tactically~*~*~ (stealth).
   337 | D:1      | 337 ||| UPGRADING to +6 ring of strength.
   980 | D:1      | 980 ||| READING scroll labelled TACAF WYLANEMP.
  1069 | D:2      | Reached skill level 3 in Axes
  1069 | D:2      | Reached XP level 3. HP: 15/23 MP: 3/3
  1268 | D:2      | 1268 ||| DRINKING 2 fuming cyan potions.
  1269 | D:2      | 1269 ||| Stepping randomly (stuck).
  1270 | D:2      | 1270 ||| Stepping randomly (stuck).
  1298 | D:2      | 1298 ||| Stepping randomly (stuck).
  1300 | D:2      | 1300 ||| Stepping randomly (stuck).
  1301 | D:2      | 1301 ||| Stepping randomly (stuck).
  1302 | D:2      | 1302 ||| Stepping randomly (stuck).
  1313 | D:2      | 1313 ||| Stepping ~*~*~tactically~*~*~ (stealth).
  1314 | D:2      | 1314 ||| Stepping randomly (stuck).
  1360 | D:2      | 1360 ||| UPGRADING to +0 helmet.
  1554 | D:2      | Reached XP level 4. HP: 26/28 MP: 4/4
  1571 | D:2      | 1571 ||| Stepping ~*~*~tactically~*~*~ (stealth).
  1595 | D:2      | Found a stormy altar of Qazlal.
  1671 | D:2      | 1671 ||| READING scroll labelled XUJUUS EPT.
  1672 | D:2      | 1672 ||| READING scroll labelled BIAPTO OKAWN.
  1676 | D:2      | 1676 ||| READING 2 scrolls of identify.
  1676 | D:2      | 1676 ||| IDENTIFYING grey potion
  1697 | D:3      | 1697 ||| STAIRDANCE
  1726 | D:3      | Reached skill level 4 in Axes
  1843 | D:3      | Reached XP level 5. HP: 22/32 MP: 5/5
  1992 | D:3      | Reached skill level 5 in Axes
  2002 | D:3      | Identified the +0 helmet of Apetom {-Cast rPois rF+ Str+3}
  2040 | D:3      | Noticed Terence
  2046 | D:3      | Killed Terence
  2047 | D:3      | Reached skill level 1 in Dodging
  2095 | D:3      | 2095 ||| Stepping ~*~*~tactically~*~*~ (stealth).
  2111 | D:3      | 2111 ||| DROPPING +0 whip.
  2243 | D:3      | 2243 ||| UPGRADING to +0 helmet of Apetom {-Cast rPois rF+
                  | Str+3}.
  2253 | D:3      | 2253 ||| DROPPING +0 helmet.
  2254 | D:3      | 2254 ||| UPGRADING to ring of positive energy.
  2255 | D:3      | 2255 ||| READING scroll labelled BIRYPPUORE.
  2256 | D:3      | 2256 ||| READING scroll labelled GEPEJOTOI.
  2257 | D:3      | 2257 ||| DRINKING 2 fuming amethyst potions.
  2299 | D:3      | 2299 ||| READING 3 scrolls of identify.
  2299 | D:3      | 2299 ||| IDENTIFYING pink potion
  2300 | D:3      | 2300 ||| READING 2 scrolls of identify.
  2300 | D:3      | 2300 ||| IDENTIFYING red potion
  2301 | D:3      | 2301 ||| DROPPING potion of berserk rage.
  2314 | D:4      | Noticed a black bear
  2322 | D:4      | Killed a black bear
  2323 | D:4      | Reached XP level 6. HP: 21/39 MP: 6/6
  2660 | D:4      | 2660 ||| Stepping ~*~*~tactically~*~*~ (stealth).
  2723 | D:4      | 2723 ||| Stepping ~*~*~tactically~*~*~ (stealth).
  2884 | D:4      | 2884 ||| Stepping ~*~*~tactically~*~*~ (hiding).
  2885 | D:4      | 2885 ||| Stepping ~*~*~tactically~*~*~ (hiding).
  2887 | D:4      | 2887 ||| Stepping ~*~*~tactically~*~*~ (hiding).
  2931 | D:4      | 2931 ||| Stepping ~*~*~tactically~*~*~ (hiding).
  2987 | D:4      | Reached XP level 7. HP: 27/44 MP: 7/7
  3396 | D:4      | 3396 ||| UPGRADING to +0 plate armour.
  3406 | D:4      | 3406 ||| DROPPING +0 scale mail.
  3407 | D:4      | 3407 ||| READING 2 scrolls of identify.
  3407 | D:4      | 3407 ||| IDENTIFYING cyan potion
  3408 | D:4      | 3408 ||| DROPPING potion of brilliance.
  3410 | D:5      | Entered Level 5 of the Dungeon
  3423 | D:5      | 3423 ||| Stepping ~*~*~tactically~*~*~ (hiding).
  3432 | D:5      | Reached skill level 6 in Axes
  3674 | D:5      | 3674 ||| Stepping ~*~*~tactically~*~*~ (hiding).
  3690 | D:5      | Reached skill level 7 in Axes
  3769 | D:5      | Found a glowing golden altar of the Shining One.
  3770 | D:5      | 3770 ||| Stepping ~*~*~tactically~*~*~ (hiding).
  3771 | D:5      | 3771 ||| Stepping ~*~*~tactically~*~*~ (hiding).
  3771 | D:5      | Found an ornate altar of the Wu Jian Council.
  4027 | D:5      | 4027 ||| DROPPING +2 whip of distortion.
  4061 | D:5      | 4061 ||| READING scroll labelled BIGRYFO GYGE.
  4062 | D:5      | 4062 ||| READING 2 scrolls of identify.
  4062 | D:5      | 4062 ||| IDENTIFYING amethyst potion
  4079 | D:6      | Found Ycibod's Armour Shop.
  4085 | D:6      | 4085 ||| STAIRDANCE
  4183 | D:6      | 4183 ||| BUYING +2 chain mail of fire resistance (258
                  | gold).
  4183 | D:6      | Bought a +2 chain mail of fire resistance for 258 gold
                  | pieces
  4183 | D:6      | 4183 ||| SHOPLISTING +2 cloak of poison resistance (222
                  | gold, have 95).
  4183 | D:6      | 4183 ||| SHOPLISTING +4 gold dragon scales "Qaolong" {rPois
                  | rF+ rC+ Dex+4} (1328 gold, have 95).
  4231 | D:6      | Reached XP level 8. HP: 49/50 MP: 8/8
  4243 | D:6      | HP: 12/50 [something (1)]
  4244 | D:6      | 4244 ||| DRINKING 2 potions of heal wounds.
  4245 | D:6      | 4245 ||| DRINKING 2 potions of curing.
  4245 | D:6      | 4245 ||| (to cure confusion)
  4247 | D:6      | 4247 ||| DRINKING potion of curing.
  4247 | D:6      | 4247 ||| (to cure confusion)
  4254 | D:6      | Reached skill level 1 in Throwing
  4352 | D:6      | 4352 ||| FLEEEEING.
  4353 | D:6      | 4353 ||| FLEEEEING.
  4354 | D:6      | 4354 ||| FLEEEEING.
  4355 | D:6      | 4355 ||| FLEEEEING.
  4363 | D:6      | 4363 ||| STAIRDANCE
  4449 | D:5      | 4449 ||| UPGRADING to ring of protection from fire.
  4508 | D:6      | 4508 ||| Stepping ~*~*~tactically~*~*~ (hiding).
  4539 | D:6      | Found a staircase to the Ecumenical Temple.
  4540 | D:6      | 4540 ||| PLANNING TEMPLE
  4540 | D:6      | 4540 ||| READING 2 scrolls of identify.
  4540 | D:6      | 4540 ||| IDENTIFYING puce potion
  4541 | D:6      | 4541 ||| DROPPING potion of magic.
  4550 | Temple   | Entered the Ecumenical Temple
  4608 | Temple   | 4608 ||| PLANNING D:1-11
  4625 | Temple   | 4625 ||| PLANNING OKAWARU WORSHIP
  4625 | Temple   | Became a worshipper of Warmaster Okawaru
  4626 | Temple   | 4626 ||| PLANNING D:1-11
  4820 | D:6      | Reached skill level 8 in Axes
  4934 | D:6      | 4934 ||| Stepping randomly (stuck).
  4935 | D:6      | 4935 ||| Stepping randomly (stuck).
  4936 | D:6      | 4936 ||| Stepping randomly (stuck).
  4937 | D:6      | 4937 ||| Stepping randomly (stuck).
  4938 | D:6      | 4938 ||| Stepping randomly (stuck).
  4939 | D:6      | 4939 ||| Stepping randomly (stuck).
  5028 | D:7      | Reached skill level 6 in Fighting
  5094 | D:7      | 5094 ||| Stepping ~*~*~tactically~*~*~ (stealth).
  5097 | D:7      | 5097 ||| Stepping ~*~*~tactically~*~*~ (stealth).
  5110 | D:7      | HP: 12/51 [wight/+3 morningstar (8)]
  5111 | D:7      | 5111 ||| DRINKING potion of heal wounds.
  5126 | D:7      | Reached * piety under Okawaru
  5292 | D:7      | 5292 ||| DROPPING +1 flail.
  5293 | D:7      | 5293 ||| DROPPING +0 flail.
  5324 | D:7      | Reached skill level 1 in Invocations
  5324 | D:7      | Reached XP level 9. HP: 51/55 MP: 8/10
  5354 | D:7      | 5354 ||| INVOKING Heroism.
  5392 | D:7      | Reached skill level 9 in Axes
  5411 | D:7      | 5411 ||| INVOKING Heroism.
  5472 | D:7      | Reached skill level 3 in Invocations
  5492 | D:7      | 5492 ||| INVOKING Heroism.
  5613 | D:7      | Found a shimmering altar of Xom.
  5647 | D:7      | Found a burning altar of Makhleb.
  5710 | D:7      | 5710 ||| Stepping ~*~*~tactically~*~*~ (hiding).
  6103 | D:7      | 6103 ||| INVOKING Heroism.
  6107 | D:7      | 6107 ||| FLEEEEING.
  6117 | D:7      | Reached ** piety under Okawaru
  6350 | D:7      | Noticed a kobold demonologist
  6355 | D:7      | 6355 ||| INVOKING Heroism.
  6364 | D:7      | HP: 12/57 [chaos spawn[a kobold demonologist] (13)]
  6365 | D:7      | Noticed a sixfirhy
  6366 | D:7      | Killed a kobold demonologist
  6681 | D:7      | 6681 ||| READING scroll labelled QAONYN BATSO.
  6682 | D:7      | 6682 ||| READING 2 scrolls of identify.
  6682 | D:7      | 6682 ||| IDENTIFYING silvery potion
  6683 | D:7      | 6683 ||| DROPPING potion of degeneration.
  6705 | D:8      | Found an ancient bone altar of Kikubaaqudgha.
  6708 | D:8      | Noticed a flayed ghost
  6721 | D:8      | 6721 ||| Stepping ~*~*~tactically~*~*~ (hiding).
  6722 | D:8      | 6722 ||| Stepping ~*~*~tactically~*~*~ (hiding).
  6725 | D:8      | 6725 ||| INVOKING Heroism.
  6798 | D:8      | Noticed a two-headed ogre
  6799 | D:8      | 6799 ||| INVOKING Heroism.
  6809 | D:8      | Killed a two-headed ogre
  6810 | D:8      | Reached skill level 10 in Axes
  6810 | D:8      | Reached XP level 10. HP: 34/63 MP: 11/13
  6922 | D:8      | 6922 ||| Stepping ~*~*~tactically~*~*~ (stealth).
  7065 | D:8      | 7065 ||| Stepping ~*~*~tactically~*~*~ (stealth).
  7091 | D:8      | Reached skill level 6 in Armour
  7144 | D:8      | 7144 ||| Stepping ~*~*~tactically~*~*~ (stealth).
  7155 | D:8      | Reached *** piety under Okawaru
  7209 | D:8      | Found a white marble altar of Elyvilon.
  7404 | D:8      | Found a basalt altar of Yredelemnul.
  7411 | D:8      | Found a transporter.
  7423 | D:8      | Found a transporter.
  7506 | D:8      | 7506 ||| READING scroll labelled SAIQ XOAPRUS.
  7507 | D:8      | 7507 ||| DRINKING 3 fizzy grey potions.
  7528 | D:9      | Noticed Joseph
  7536 | D:9      | 7536 ||| INVOKING Heroism.
  7540 | D:9      | Killed Joseph
  7655 | D:9      | 7655 ||| Stepping ~*~*~tactically~*~*~ (stealth).
  7661 | D:9      | 7661 ||| Stepping ~*~*~tactically~*~*~ (stealth).
  7674 | D:9      | 7674 ||| INVOKING Heroism.
  7679 | D:9      | 7679 ||| Stepping ~*~*~tactically~*~*~ (stealth).
  7682 | D:9      | 7682 ||| Stepping ~*~*~tactically~*~*~ (stealth).
  7692 | D:9      | 7692 ||| Stepping ~*~*~tactically~*~*~ (stealth).
  7836 | D:9      | 7836 ||| INVOKING Heroism.
  7855 | D:9      | 7855 ||| INVOKING Heroism.
  7878 | D:9      | 7878 ||| INVOKING Heroism.
  7885 | D:9      | Reached skill level 11 in Axes
  7893 | D:9      | HP: 11/64 [yak (6)]
  7894 | D:9      | 7894 ||| DRINKING potion of heal wounds.
  7899 | D:9      | Reached **** piety under Okawaru
  8085 | D:9      | Found a glowing silver altar of Zin.
  8324 | D:9      | 8324 ||| INVOKING Heroism.
  8333 | D:9      | Reached XP level 11. HP: 69/69 MP: 12/14
  8386 | D:9      | 8386 ||| Stepping ~*~*~tactically~*~*~ (hiding).
  8555 | D:9      | 8555 ||| READING scroll labelled WYITSUFRYL.
  8555 | D:9      | Identified a scroll of acquirement
  8555 | D:9      | 8555 ||| ACQUIRING +1 pair of boots of rampaging
  8555 | D:9      | Acquired a +1 pair of boots of rampaging
  8557 | D:9      | 8557 ||| UPGRADING to +1 pair of boots of rampaging.
  8562 | D:9      | 8562 ||| READING scroll labelled FUACEE BONKUM.
  8563 | D:9      | 8563 ||| READING 2 scrolls of identify.
  8563 | D:9      | 8563 ||| IDENTIFYING golden potion
  8579 | D:10     | Entered Level 10 of the Dungeon
  8580 | D:10     | 8580 ||| INVOKING Heroism.
  8864 | D:10     | Identified the +1 quarterstaff of the Clean God {antimagic,
                  | Fragile rElec Str+5}
  8929 | D:10     | Found a staircase to the Lair.
  8939 | D:10     | 8939 ||| INVOKING Heroism.
  8974 | D:10     | 8974 ||| INVOKING Heroism.
  8990 | D:10     | Reached skill level 9 in Fighting
  9101 | D:10     | Noticed a sea snake
  9101 | D:10     | Noticed a sea snake
  9186 | D:10     | 9186 ||| INVOKING Heroism.
  9188 | D:10     | Reached skill level 6 in Invocations
  9394 | D:10     | 9394 ||| INVOKING Heroism.
  9476 | D:10     | Received a gift from Okawaru
  9502 | D:10     | 9502 ||| INVOKING Heroism.
  9812 | D:10     | 9812 ||| Stepping ~*~*~tactically~*~*~ (hiding).
  9813 | D:10     | 9813 ||| Stepping ~*~*~tactically~*~*~ (hiding).
  9817 | D:10     | 9817 ||| INVOKING Heroism.
  9870 | D:10     | Found a sacrificial altar of Ru.
  9872 | D:10     | 9872 ||| PLANNING LAIR
  9872 | D:10     | 9872 ||| UPGRADING to +1 cloak.
  9912 | Lair:1   | Entered Level 1 of the Lair of Beasts
  9914 | Lair:1   | 9914 ||| INVOKING Heroism.
 10027 | Lair:1   | 10027 ||| INVOKING Heroism.
 10214 | Lair:1   | 10214 ||| Stepping ~*~*~tactically~*~*~ (stealth).
 10222 | Lair:1   | 10222 ||| INVOKING Heroism.
 10229 | Lair:1   | 10229 ||| Stepping ~*~*~tactically~*~*~ (stealth).
 10305 | Lair:1   | 10305 ||| Stepping ~*~*~tactically~*~*~ (stealth).
 10436 | Lair:1   | 10436 ||| INVOKING Heroism.
 10492 | Lair:1   | 10492 ||| Stepping ~*~*~tactically~*~*~ (stealth).
 10496 | Lair:1   | 10496 ||| Stepping ~*~*~tactically~*~*~ (stealth).
 10497 | Lair:1   | 10497 ||| Stepping ~*~*~tactically~*~*~ (stealth).
 10502 | Lair:1   | 10502 ||| Stepping ~*~*~tactically~*~*~ (stealth).
 10522 | Lair:1   | 10522 ||| INVOKING Heroism.
 10603 | Lair:1   | 10603 ||| Stepping ~*~*~tactically~*~*~ (stealth).
 10645 | Lair:1   | Noticed Prince Ribbit
 10646 | Lair:1   | 10646 ||| Stepping ~*~*~tactically~*~*~ (stealth).
 10649 | Lair:1   | 10649 ||| INVOKING Heroism.
 10657 | Lair:1   | 10657 ||| Stepping ~*~*~tactically~*~*~ (stealth).
 10662 | Lair:1   | 10662 ||| Stepping ~*~*~tactically~*~*~ (stealth).
 10672 | Lair:1   | 10672 ||| INVOKING Heroism.
 10677 | Lair:1   | Killed Prince Ribbit
 10698 | Lair:1   | 10698 ||| Stepping ~*~*~tactically~*~*~ (stealth).
 10699 | Lair:1   | 10699 ||| Stepping ~*~*~tactically~*~*~ (stealth).
 10777 | Lair:1   | 10777 ||| Stepping ~*~*~tactically~*~*~ (stealth).
 10815 | Lair:1   | 10815 ||| INVOKING Heroism.
 11012 | Lair:1   | 11012 ||| INVOKING Heroism.
 11036 | Lair:1   | Reached ***** piety under Okawaru
 11037 | Lair:1   | Reached skill level 9 in Invocations
 11043 | Lair:1   | Reached skill level 12 in Axes
 11043 | Lair:1   | Reached XP level 12. HP: 54/76 MP: 18/18
 11195 | Lair:1   | 11195 ||| INVOKING Heroism.
 11247 | Lair:1   | 11247 ||| Stepping ~*~*~tactically~*~*~ (hiding).
 11338 | Lair:1   | 11338 ||| Stepping ~*~*~tactically~*~*~ (stealth).
 11373 | Lair:1   | 11373 ||| INVOKING Heroism.
 11531 | Lair:1   | 11531 ||| INVOKING Heroism.
 11536 | Lair:1   | Reached skill level 6 in Shields
 11733 | Lair:1   | 11733 ||| READING scroll labelled ADEJ RUIFEOQ RAPN.
 11734 | Lair:1   | 11734 ||| DRINKING 2 white potions.
 11735 | Lair:1   | 11735 ||| DROPPING potion of invisibility.
 11768 | Lair:2   | 11768 ||| Stepping ~*~*~tactically~*~*~ (stealth).
 11783 | Lair:2   | 11783 ||| Stepping ~*~*~tactically~*~*~ (stealth).
 11786 | Lair:2   | 11786 ||| Stepping ~*~*~tactically~*~*~ (stealth).
 11788 | Lair:2   | 11788 ||| Stepping ~*~*~tactically~*~*~ (stealth).
 11794 | Lair:2   | 11794 ||| INVOKING Heroism.
 12115 | Lair:2   | Reached skill level 9 in Armour
 12138 | Lair:2   | 12138 ||| INVOKING Heroism.
 12251 | Lair:2   | Noticed a seven-headed hydra
 12252 | Lair:2   | 12252 ||| INVOKING Heroism.
 12253 | Lair:2   | 12253 ||| INVOKING Finesse.
 12255 | Lair:2   | 12255 ||| SWAPPING to +3 morningstar.
 12260 | Lair:2   | Killed a seven-headed hydra
 12261 | Lair:2   | 12261 ||| SWAPPING to +0 war axe.
 12501 | Lair:3   | 12501 ||| Stepping ~*~*~tactically~*~*~ (stealth).
 12507 | Lair:3   | 12507 ||| Stepping ~*~*~tactically~*~*~ (stealth).
 12509 | Lair:3   | 12509 ||| Stepping ~*~*~tactically~*~*~ (stealth).
 12510 | Lair:3   | 12510 ||| Stepping ~*~*~tactically~*~*~ (stealth).
 12515 | Lair:3   | 12515 ||| Stepping ~*~*~tactically~*~*~ (stealth).
 12518 | Lair:3   | 12518 ||| Stepping ~*~*~tactically~*~*~ (stealth).
 12519 | Lair:3   | 12519 ||| Stepping ~*~*~tactically~*~*~ (stealth).
 12524 | Lair:3   | 12524 ||| INVOKING Heroism.
 12525 | Lair:3   | 12525 ||| Stepping ~*~*~tactically~*~*~ (stealth).
 12526 | Lair:3   | 12526 ||| Stepping ~*~*~tactically~*~*~ (stealth).
 12527 | Lair:3   | 12527 ||| Stepping ~*~*~tactically~*~*~ (stealth).
 12780 | Lair:3   | Identified the +6 dagger "Iduaph" {vorpal, rF+}
 12820 | Lair:3   | 12820 ||| Stepping ~*~*~tactically~*~*~ (stealth).
 12821 | Lair:3   | 12821 ||| Stepping ~*~*~tactically~*~*~ (stealth).
 12822 | Lair:3   | 12822 ||| INVOKING Heroism.
 12832 | Lair:3   | Received a gift from Okawaru
 12832 | Lair:3   | Found the +18 Lear's hauberk
 12841 | Lair:3   | HP: 19/77 [black mamba (12)]
 12842 | Lair:3   | 12842 ||| READING 3 scrolls of teleportation.
 12843 | Lair:3   | 12843 ||| DRINKING potion of heal wounds.
 12845 | Lair:3   | Reached skill level 13 in Axes
 13192 | Lair:3   | 13192 ||| INVOKING Heroism.
 13278 | Lair:3   | You fall into a shaft and drop 2 floors!
 13278 | Lair:5   | Entered Level 5 of the Lair of Beasts
 13279 | Lair:5   | 13279 ||| READING scroll labelled MIS YLIOGEMA.
 13286 | Lair:4   | Found a viscous altar of Jiyva.
 13286 | Lair:4   | Found a staircase to the Slime Pits.
 13309 | Lair:4   | 13309 ||| Stepping ~*~*~tactically~*~*~ (stealth).
 13310 | Lair:4   | 13310 ||| INVOKING Heroism.
 13311 | Lair:4   | 13311 ||| Stepping ~*~*~tactically~*~*~ (stealth).
 13320 | Lair:4   | Reached XP level 13. HP: 81/82 MP: 18/20
 13344 | Lair:4   | HP: 20/82 [torpor snail (13)]
 13345 | Lair:4   | 13345 ||| READING 2 scrolls of teleportation.
 13346 | Lair:4   | 13346 ||| DRINKING potion of heal wounds.
 13347 | Lair:4   | 13347 ||| INVOKING Heroism.
 13461 | Lair:4   | 13461 ||| INVOKING Heroism.
 13462 | Lair:4   | 13462 ||| INVOKING Finesse.
 13476 | Lair:4   | Reached skill level 14 in Axes
 13618 | Lair:3   | Found a staircase to the Snake Pit.
 13665 | Lair:3   | 13665 ||| Stepping ~*~*~tactically~*~*~ (stealth).
 13666 | Lair:3   | 13666 ||| Stepping ~*~*~tactically~*~*~ (stealth).
 13669 | Lair:3   | 13669 ||| Stepping ~*~*~tactically~*~*~ (stealth).
 13672 | Lair:3   | Found a staircase to the Swamp.
 13674 | Lair:3   | 13674 ||| Stepping ~*~*~tactically~*~*~ (stealth).
 13676 | Lair:3   | 13676 ||| INVOKING Heroism.
 13677 | Lair:3   | 13677 ||| INVOKING Finesse.
 13678 | Lair:3   | 13678 ||| SWAPPING to +3 morningstar.
 13689 | Lair:3   | Reached skill level 3 in Throwing
 13689 | Lair:3   | 13689 ||| SWAPPING to +0 war axe.
 14301 | Lair:4   | 14301 ||| INVOKING Heroism.
 14330 | Lair:4   | 14330 ||| Stepping ~*~*~tactically~*~*~ (stealth).
 14472 | Lair:4   | 14472 ||| INVOKING Heroism.
 14492 | Lair:4   | HP: 20/82 [elephant (10)]
 14493 | Lair:4   | 14493 ||| READING scroll of teleportation.
 14495 | Lair:4   | HP: 4/82 [komodo dragon (9)]
 14594 | Lair:4   | 14594 ||| INVOKING Heroism.
 15044 | Lair:4   | 15044 ||| FLEEEEING.
 15045 | Lair:4   | 15045 ||| FLEEEEING.
 15046 | Lair:4   | 15046 ||| FLEEEEING.
 15047 | Lair:4   | 15047 ||| FLEEEEING.
 15048 | Lair:4   | 15048 ||| FLEEEEING.
 15049 | Lair:4   | 15049 ||| FLEEEEING.
 15050 | Lair:4   | 15050 ||| STAIRDANCE
 15052 | Lair:3   | 15052 ||| UPGRADING to +0 pair of gloves.
 15059 | Lair:4   | 15059 ||| INVOKING Heroism.
 15237 | Lair:4   | 15237 ||| INVOKING Heroism.
 15238 | Lair:4   | 15238 ||| INVOKING Finesse.
 15242 | Lair:4   | 15242 ||| SWAPPING to +3 morningstar.
 15251 | Lair:4   | 15251 ||| SWAPPING to +0 war axe.
 15352 | Lair:4   | 15352 ||| INVOKING Heroism.
 15464 | Lair:5   | 15464 ||| Stepping ~*~*~tactically~*~*~ (stealth).
 15466 | Lair:5   | 15466 ||| Stepping ~*~*~tactically~*~*~ (stealth).
 15468 | Lair:5   | 15468 ||| INVOKING Heroism.
 15471 | Lair:5   | 15471 ||| Stepping ~*~*~tactically~*~*~ (stealth).
 15482 | Lair:5   | Received a gift from Okawaru
 15496 | Lair:5   | 15496 ||| INVOKING Heroism.
 15547 | Lair:5   | 15547 ||| INVOKING Heroism.
 15800 | Lair:5   | 15800 ||| Stepping ~*~*~tactically~*~*~ (stealth).
 15802 | Lair:5   | 15802 ||| Stepping ~*~*~tactically~*~*~ (hiding).
 15838 | Lair:5   | Identified the +6 trident of Trial by Ordeal {antimagic,
                  | rN+} (Okawaru gifted it to you on level 5 of the Lair of
                  | Beasts)
 15838 | Lair:5   | Received a gift from Okawaru
 15844 | Lair:5   | 15844 ||| Stepping ~*~*~tactically~*~*~ (stealth).
 15845 | Lair:5   | 15845 ||| Stepping ~*~*~tactically~*~*~ (stealth).
 15855 | Lair:5   | 15855 ||| Stepping randomly (cloudy).
 15856 | Lair:5   | 15856 ||| Stepping ~*~*~tactically~*~*~ (stealth).
 15857 | Lair:5   | 15857 ||| INVOKING Heroism.
 15858 | Lair:5   | Noticed a fire dragon
 15887 | Lair:5   | 15887 ||| Stepping randomly (stuck).
 15892 | Lair:5   | Gained mutation: Your large and strong wings let you fly.
                  | [Gargoyle growth]
 15892 | Lair:5   | Reached XP level 14. HP: 23/90 MP: 21/21
 15896 | Lair:5   | 15896 ||| INVOKING Heroism.
 15897 | Lair:5   | HP: 22/90 [fire crab] (2)]
 15898 | Lair:5   | 15898 ||| Stepping randomly (stuck).
 15899 | Lair:5   | 15899 ||| Stepping randomly (stuck).
 15905 | Lair:5   | HP: 17/90 [fire crab (1)]
 16161 | Lair:5   | Found a large runed translucent door.
 16161 | Lair:5   | Found a large runed translucent door.
 16205 | Lair:5   | 16205 ||| Stepping randomly (stuck).
 16206 | Lair:5   | 16206 ||| Stepping randomly (stuck).
 16234 | Lair:5   | 16234 ||| INVOKING Heroism.
 16246 | Lair:5   | 16246 ||| INVOKING Finesse.
 16253 | Lair:5   | 16253 ||| SWAPPING to +3 morningstar.
 16258 | Lair:5   | 16258 ||| SWAPPING to +0 war axe.
 16483 | Lair:5   | 16483 ||| Stepping ~*~*~tactically~*~*~ (stealth).
 16607 | Lair:5   | 16607 ||| INVOKING Heroism.
 16613 | Lair:5   | Reached skill level 15 in Axes
 16651 | Lair:5   | 16651 ||| INVOKING Heroism.
 16757 | Lair:5   | 16757 ||| Stepping ~*~*~tactically~*~*~ (stealth).
 16760 | Lair:5   | 16760 ||| Stepping ~*~*~tactically~*~*~ (stealth).
 16769 | Lair:5   | 16769 ||| Stepping ~*~*~tactically~*~*~ (stealth).
 16770 | Lair:5   | 16770 ||| Stepping ~*~*~tactically~*~*~ (stealth).
 16935 | Lair:5   | 16935 ||| INVOKING Heroism.
 16936 | Lair:5   | 16936 ||| INVOKING Finesse.
 16938 | Lair:5   | 16938 ||| SWAPPING to +3 morningstar.
 16946 | Lair:5   | Received a gift from Okawaru
 16947 | Lair:5   | 16947 ||| SWAPPING to +0 war axe.
 16958 | Lair:5   | 16958 ||| SWAPPING to +3 morningstar.
 16962 | Lair:5   | Reached skill level 3 in Dodging
 16962 | Lair:5   | 16962 ||| SWAPPING to +0 war axe.
 17309 | Lair:5   | 17309 ||| INVOKING Heroism.
 17310 | Lair:5   | 17310 ||| INVOKING Finesse.
 17824 | Lair:5   | 17824 ||| PLANNING D:1-11
 17824 | Lair:5   | 17824 ||| READING scroll labelled ECURYU MUCO.
 18076 | D:11     | 18076 ||| Stepping ~*~*~tactically~*~*~ (stealth).
 18077 | D:11     | 18077 ||| Stepping ~*~*~tactically~*~*~ (stealth).
 18221 | D:11     | 18221 ||| Stepping ~*~*~tactically~*~*~ (hiding).
 18222 | D:11     | 18222 ||| Stepping ~*~*~tactically~*~*~ (hiding).
 18225 | D:11     | 18225 ||| INVOKING Heroism.
 18238 | D:11     | 18238 ||| Stepping ~*~*~tactically~*~*~ (stealth).
 18264 | D:11     | 18264 ||| Stepping ~*~*~tactically~*~*~ (stealth).
 18289 | D:11     | 18289 ||| FLEEEEING.
 18290 | D:11     | 18290 ||| FLEEEEING.
 18291 | D:11     | 18291 ||| FLEEEEING.
 18292 | D:11     | 18292 ||| FLEEEEING.
 18293 | D:11     | 18293 ||| FLEEEEING.
 18294 | D:11     | 18294 ||| FLEEEEING.
 18295 | D:11     | 18295 ||| FLEEEEING.
 18296 | D:11     | 18296 ||| FLEEEEING.
 18297 | D:11     | 18297 ||| FLEEEEING.
 18298 | D:11     | 18298 ||| FLEEEEING.
 18299 | D:11     | 18299 ||| FLEEEEING.
 18300 | D:11     | 18300 ||| FLEEEEING.
 18301 | D:11     | 18301 ||| FLEEEEING.
 18302 | D:11     | 18302 ||| FLEEEEING.
 18303 | D:11     | 18303 ||| FLEEEEING.
 18304 | D:11     | 18304 ||| FLEEEEING.
 18305 | D:11     | 18305 ||| FLEEEEING.
 18306 | D:11     | 18306 ||| FLEEEEING.
 18307 | D:11     | 18307 ||| FLEEEEING.
 18309 | D:11     | 18309 ||| FLEEEEING.
 18311 | D:11     | 18311 ||| FLEEEEING.
 18312 | D:11     | 18312 ||| FLEEEEING.
 18313 | D:11     | 18313 ||| FLEEEEING.
 18314 | D:11     | 18314 ||| FLEEEEING.
 18315 | D:11     | 18315 ||| FLEEEEING.
 18316 | D:11     | 18316 ||| FLEEEEING.
 18317 | D:11     | 18317 ||| FLEEEEING.
 18318 | D:11     | 18318 ||| FLEEEEING.
 18319 | D:11     | 18319 ||| FLEEEEING.
 18320 | D:11     | 18320 ||| FLEEEEING.
 18321 | D:11     | 18321 ||| FLEEEEING.
 18322 | D:11     | 18322 ||| FLEEEEING.
 18323 | D:11     | 18323 ||| FLEEEEING.
 18324 | D:11     | 18324 ||| FLEEEEING.
 18325 | D:11     | 18325 ||| FLEEEEING.
 18326 | D:11     | 18326 ||| FLEEEEING.
 18327 | D:11     | 18327 ||| FLEEEEING.
 18328 | D:11     | 18328 ||| FLEEEEING.
 18329 | D:11     | 18329 ||| FLEEEEING.
 18330 | D:11     | 18330 ||| FLEEEEING.
 18331 | D:11     | 18331 ||| FLEEEEING.
 18332 | D:11     | 18332 ||| FLEEEEING.
 18333 | D:11     | 18333 ||| FLEEEEING.
 18334 | D:11     | 18334 ||| FLEEEEING.
 18335 | D:11     | 18335 ||| FLEEEEING.
 18336 | D:11     | 18336 ||| FLEEEEING.
 18337 | D:11     | 18337 ||| FLEEEEING.
 18338 | D:11     | 18338 ||| FLEEEEING.
 18339 | D:11     | 18339 ||| FLEEEEING.
 18340 | D:11     | 18340 ||| FLEEEEING.
 18341 | D:11     | 18341 ||| FLEEEEING.
 18342 | D:11     | 18342 ||| FLEEEEING.
 18343 | D:11     | 18343 ||| FLEEEEING.
 18344 | D:11     | 18344 ||| FLEEEEING.
 18345 | D:11     | 18345 ||| FLEEEEING.
 18346 | D:11     | 18346 ||| FLEEEEING.
 18347 | D:11     | 18347 ||| FLEEEEING.
 18348 | D:11     | 18348 ||| FLEEEEING.
 18349 | D:11     | 18349 ||| FLEEEEING.
 18350 | D:11     | 18350 ||| FLEEEEING.
 18351 | D:11     | 18351 ||| FLEEEEING.
 18352 | D:11     | 18352 ||| FLEEEEING.
 18353 | D:11     | 18353 ||| FLEEEEING.
 18354 | D:11     | 18354 ||| FLEEEEING.
 18355 | D:11     | 18355 ||| FLEEEEING.
 18356 | D:11     | 18356 ||| STAIRDANCE
 18427 | D:11     | Found Duc Syaso's Weapon Boutique.
 18430 | D:11     | Found a staircase to the Orcish Mines.
 18442 | D:11     | 18442 ||| INVOKING Heroism.
 18443 | D:11     | 18443 ||| INVOKING Finesse.
 18462 | D:11     | Reached skill level 12 in Fighting
 18680 | D:11     | 18680 ||| Stepping ~*~*~tactically~*~*~ (stealth).
 18682 | D:11     | 18682 ||| INVOKING Heroism.
 18716 | D:11     | Received a gift from Okawaru
 18760 | D:11     | 18760 ||| DROPPING +4 hand axe of freezing.
 18826 | D:11     | 18826 ||| Stepping ~*~*~tactically~*~*~ (hiding).
 18857 | D:11     | 18857 ||| Stepping ~*~*~tactically~*~*~ (stealth).
 19163 | D:11     | 19163 ||| Stepping ~*~*~tactically~*~*~ (stealth).
 19164 | D:11     | 19164 ||| Stepping ~*~*~tactically~*~*~ (stealth).
 19403 | D:11     | 19403 ||| PLANNING D
 19403 | D:11     | 19403 ||| DROPPING +1 pair of boots.
 19448 | D:12     | 19448 ||| INVOKING Heroism.
 19562 | D:12     | 19562 ||| Stepping ~*~*~tactically~*~*~ (stealth).
 19694 | D:12     | Identified the +0 pair of gloves "Geidioly" {Int+4}
 19728 | D:12     | 19728 ||| INVOKING Heroism.
 19729 | D:12     | 19729 ||| INVOKING Finesse.
 19865 | D:12     | Identified the ring of the Tuna {rElec rPois Str+4 Stlth+}
 19982 | D:12     | Found a frozen archway.
 19983 | D:12     | 19983 ||| INVOKING Heroism.
 19986 | D:12     | 19986 ||| Stepping ~*~*~tactically~*~*~ (stealth).
 20013 | D:12     | 20013 ||| Stepping ~*~*~tactically~*~*~ (stealth).
 20069 | D:12     | 20069 ||| Stepping ~*~*~tactically~*~*~ (hiding).
 20075 | D:12     | 20075 ||| INVOKING Heroism.
 20076 | D:12     | 20076 ||| INVOKING Finesse.
 20088 | D:12     | Killed from afar by an ice dragon

Levels and vault maps discovered:
D:1:      elethiomel_arrival_infinity_welcomes_careful_drivers,
          layout_loops_corners, ebering_ecumenical_altar_webs,
          serial_bayou_ford_a, minmay_heptomino_w4
D:2:      minmay_inner_zag, layout_rooms, basic_altar, minmay_close_crescents
D:3:      layout_rooms, supply_closet_lemuel, uniq_terence
D:4:      layout_loops_ring
D:5:      layout_cave_pools, gammafunk_temple_overflow_pools
D:6:      layout_cave_pools, minmay_temple_entry_statues_fountains,
          serial_shops, shop, minmay_misc_feat_chi, hangedman_glass_teeth
D:7:      layout_loops_ring, makhleb_grotto_becter, marbit_many_paths
D:8:      layout_basic, gammafunk_temple_of_torment,
          mainiacjoe_overflow_small_starburst
D:9:      layout_rooms, old_standard_altar, uniq_joseph
D:10:     layout_loops_corners, nicolae_ru_path_of_blood, erik_lair_island,
          serial_aquarium, aquarium_bridge_square [aquarium_subvault_window,
          aquarium_subvault_wall, aquarium_subvault_bridge,
          aquarium_subvault_window], aquarium_window_3, aquarium_window_fake,
          aquarium_window_fake, aquarium_view_2c, aquarium_view_2d
D:11:     layout_basic, orc_david_3
D:12:     layout_cave_pools, portal_ice_cave_entry_animals_and_master,
          reono_crystal_passage, minmay_radiant
Temple:   nicolae_temple_god_jail
Lair:1:   layout_regular_city, uniq_prince_ribbit2
Lair:2:   layout_misc_corridors, nicolae_lair_grove_arrangements
Lair:3:   layout_gridlike, minmay_swamp_entry_reptiles,
          minmay_snake_entry_six_corridors, grunt_megastairs_5
Lair:4:   layout_hall_layers, slime_entry_1
Lair:5:   cheibrodos_lair_end_hotspot, layout_gridlike, dpeg_oklob_1

Skill      XL: |  1  2  3  4  5  6  7  8  9 10 11 12 13 14 |
---------------+-------------------------------------------+-----
Axes           | 2 3 4 5 7 8 10 11 12 13 14 15 | 15.7
Dodging        | 1 2 3 |  3.1
Fighting       | 4 5 6 7 8 9 10 11 12 | 12.0
Armour         | 4 5 7 8 9 11 | 11.0
Throwing       | 1 2 4 5 |  5.0
Invocations    | 1 4 9 10 | 10.0
Shields        | 4 5 6 7 |  7.3

Action                   |  1- 3 |  4- 6 |  7- 9 | 10-12 | 13-15 || total
-------------------------+-------+-------+-------+-------+-------++-------
Melee: War axe           |    82 |   112 |   231 |   627 |   686 ||  1738
       Morningstar       |       |       |       |     3 |    27 ||    30
Throw: Boomerang         |       |    25 |    38 |   101 |    61 ||   225
       Javelin           |       |       |       |       |    77 ||    77
Invok: Heroism           |       |       |     7 |    32 |    26 ||    65
       Finesse           |       |       |       |     1 |     9 ||    10
  Use: Scroll            |     1 |     7 |     6 |     7 |     3 ||    24
       Potion            |     1 |     1 |     4 |     4 |     1 ||    11
Armor: Scale mail        |    32 |    67 |     2 |       |       ||   101
       Plate armour      |       |       |   165 |   339 |   424 ||   928
Dodge: Dodged            |    36 |    56 |    88 |   209 |   208 ||   597
Block: Buckler           |    11 |    27 |    36 |   132 |   146 ||   352

Table legend:
 A = Non-vault XP
 B = Vault XP
 C = Vault XP percentage of total XP
 D = Non-vault monster count
 E = Vault monster count
 F = Vault count percentage of total count
                 A         B        C        D         E       F
            +---------+---------+-------+---------+---------+-------
      Total |   58374 |   19676 |  25.2 |     357 |      92 |  20.5
            +---------+---------+-------+---------+---------+-------
        D:1 |      18 |      11 |  37.9 |      12 |       7 |  36.8
        D:2 |      31 |      28 |  47.5 |       9 |      10 |  52.6
        D:3 |     178 |      36 |  16.8 |      18 |       1 |   5.3
        D:4 |     332 |       0 |   0.0 |      20 |       0 |   0.0
        D:5 |     406 |       0 |   0.0 |      14 |       0 |   0.0
        D:6 |     856 |       0 |   0.0 |      22 |       0 |   0.0
        D:7 |    1993 |     277 |  12.2 |      22 |       2 |   8.3
        D:8 |    1667 |       0 |   0.0 |      11 |       0 |   0.0
        D:9 |    3141 |     434 |  12.1 |      32 |       1 |   3.0
       D:10 |    1711 |     647 |  27.4 |      17 |       5 |  22.7
       D:11 |    4703 |     411 |   8.0 |      17 |       7 |  29.2
       D:12 |    3370 |    3161 |  48.4 |      13 |      10 |  43.5
     Lair:1 |    7138 |    1327 |  15.7 |      32 |       5 |  13.5
     Lair:2 |    4588 |       0 |   0.0 |      16 |       0 |   0.0
     Lair:3 |    4448 |    3997 |  47.3 |      22 |      13 |  37.1
     Lair:4 |   13549 |       0 |   0.0 |      40 |       0 |   0.0
     Lair:5 |   10245 |    9347 |  47.7 |      40 |      31 |  43.7
            +---------+---------+-------+---------+---------+-------
